 Dungeon Crawl Stone Soup version 0.24-a0-520-g8fd06ad0bc (webtiles) character file.

Game seed: 3547803672428333328

236 vurker the Bolt Thrower (level 6, -19/37 HPs)
             Began as a Kobold Hunter on July 27, 2019.
             Killed from afar by Dowan (25 damage)
             ... with a shard of ice
             ... on level 4 of the Dungeon.
             The game lasted 00:05:30 (3321 turns).

vurker the Bolt Thrower (Kobold Hunter)             Turns: 3321, Time: 00:05:31

Health: -19/37     AC:  4    Str: 11    XL:     6   Next: 27%
Magic:  6/6        EV: 15    Int: 12    God:
Gold:   138        SH:  0    Dex: 16    Spells: 5/5 levels left

rFire    . . .     SeeInvis .   a - +2 hand crossbow
rCold    . . .     Gourm    .   (shield restricted)
rNeg     . . .     Faith    .   c - +0 leather armour
rPois    .         Spirit   .   (no helmet)
rElec    .         Reflect  .   (no cloak)
rCorr    .         Harm     .   (no gloves)
MR       .....                  l - +0 pair of boots
Stlth    ++........             (no amulet)
HPRegen  0.12/turn              (no ring)
MPRegen  0.10/turn              (no ring)

@: no status effects
A: small, carnivore
a: no special abilities


You were on level 4 of the Dungeon.
You were completely stuffed.

You visited 1 branch of the dungeon, and saw 4 of its levels.

You collected 138 gold pieces.

Inventory:

Hand Weapons
 a - a +2 hand crossbow (weapon)
 b - a +0 short sword
Missiles
 d - 27 bolts (quivered)
Armour
 c - a +0 leather armour (worn)
 l - a +0 pair of boots (worn)
   (You found it on level 4 of the Dungeon)
Scrolls
 g - 3 scrolls of teleportation
 h - 3 scrolls of identify
Potions
 f - a potion of curing
 i - a potion of berserk rage {unknown}
 j - a potion of haste {unknown}
Comestibles
 e - 7 rations
 k - 11 chunks of flesh


   Skills:
 + Level 3.5 Fighting
 * Level 4.5 Short Blades
 * Level 6.5 Crossbows
 - Level 2.4 Dodging
 - Level 1.3 Stealth


You had 5 spell levels left.
You didn't know any spells.
Your spell library contained the following spells:

 Spells                   Type           Power        Failure   Level  Hunger
 Animate Skeleton         Necr           N/A          41%         1    ##.....
 Apportation              Tloc           #.....       41%         1    ##.....
 Confusing Touch          Hex            #.....       41%         1    ##.....
 Summon Small Mammal      Summ           #...         41%         1    ##.....


Dungeon Overview and Level Annotations

Branches:
Dungeon (4/15)
 Temple: D:4-7

Altars:
Kikubaaqudgha

Annotations:
D:4 Dowan


Innate Abilities, Weirdness & Mutations

You are small and have problems with some larger weapons.
You are carnivorous and can eat meat at any time.


Message History

You shoot a bolt.
The bolt hits Duvessa but does no damage.
Duvessa hits you with a +0 short sword.
Firing (i - inventory)
d - 34 bolts (quivered)
Aim: Duvessa, wielding a +0 short sword and wearing a +0 ring mail (severely wounded)
You shoot a bolt.
The bolt hits Duvessa but does no damage.
Duvessa hits you with a +0 short sword.
* * * LOW HITPOINT WARNING * * *
Firing (i - inventory)
d - 33 bolts (quivered)
Aim: Duvessa, wielding a +0 short sword and wearing a +0 ring mail (severely wounded)
You shoot a bolt. The bolt hits Duvessa!
You kill Duvessa!
Dowan's eyes darken. "You have made a black mistake."
Dowan seems to find hidden reserves of power!
Your Short Blades skill increases to level 4!
You have reached level 6!
Your experience leads to an increase in your attributes!
Increase (S)trength, (I)ntelligence, or (D)exterity?
You feel stronger. Dowan hits you with a +0 dagger.
* * * LOW HITPOINT WARNING * * *
Firing (i - inventory)
d - 32 bolts (quivered)
Aim: Dowan, wielding a +0 dagger and wearing a +0 robe of fire resistance (fast)
You shoot a bolt. The bolt closely misses Dowan.
Dowan hits you but does no damage. Dowan misses you.
Firing (i - inventory)
d - 31 bolts (quivered)
Aim: Dowan, wielding a +0 dagger and wearing a +0 robe of fire resistance (fast)
You shoot a bolt. The bolt completely misses Dowan.
Dowan barely misses you.
Firing (i - inventory)
d - 30 bolts (quivered)
Aim: Dowan, wielding a +0 dagger and wearing a +0 robe of fire resistance (fast)
You shoot a bolt. The bolt barely misses Dowan.
Dowan hits you with a +0 dagger.
* * * LOW HITPOINT WARNING * * *
Dowan hits you but does no damage.
Unknown command.
Firing (i - inventory)
d - 29 bolts (quivered)
Aim: Dowan, wielding a +0 dagger and wearing a +0 robe of fire resistance (fast)
You shoot a bolt. The bolt barely misses Dowan.
Dowan barely misses you. Dowan hits you with a +0 dagger.
* * * LOW HITPOINT WARNING * * *
Firing (i - inventory)
d - 28 bolts (quivered)
Aim: Dowan, wielding a +0 dagger and wearing a +0 robe of fire resistance (fast)
You shoot a bolt. The bolt closely misses Dowan.
Dowan hits you with a +0 dagger.
* * * LOW HITPOINT WARNING * * *
Dowan points at you and mumbles some strange words.
The shard of ice hits you!!
Ouch! That really hurt!
You die...

###########
#.........#
#.#######.# #.#
#...####
#####'#####.......
#............#####
#............+ ##
#............#.##.
#@................
#e................
...............##.#
...(..##....#+#[.#.#
.#.##.#####.# #.#.#
.... ..# #.# .#.#
...(. ## ....## #.#
.. #.( #...#.####.#
.......(>#.#


You could see Dowan.

Vanquished Creatures
  Duvessa (D:4)
  A worker ant (D:4)
  4 adders (D:3)
  A worm (D:2)
  A dart slug (D:1)
  2 leopard geckos
  10 orcs
  4 giant cockroaches
  4 goblins
  12 hobgoblins
  A jackal (D:3)
  2 ball pythons
  9 bats
  4 frilled lizards
  6 kobolds
  7 rats
69 creatures vanquished.

Vanquished Creatures (others)
  5 toadstools (D:1)
5 creatures vanquished.

Grand Total: 74 creatures vanquished

Notes
Turn   | Place    | Note
-------+----------+-------------------------------------------
     0 | D:1      | vurker the Kobold Hunter began the quest for the Orb.
     0 | D:1      | Reached XP level 1. HP: 12/12 MP: 1/1
   178 | D:1      | Reached skill level 1 in Short Blades
   178 | D:1      | Reached skill level 5 in Crossbows
   178 | D:1      | Reached XP level 2. HP: 18/18 MP: 2/2
   553 | D:1      | Reached XP level 3. HP: 13/22 MP: 3/3
  1702 | D:2      | Reached XP level 4. HP: 27/27 MP: 4/4
  2074 | D:3      | Found an ancient bone altar of Kikubaaqudgha.
  2535 | D:3      | Reached XP level 5. HP: 17/32 MP: 5/5
  2965 | D:3      | Reached skill level 6 in Crossbows
  3301 | D:4      | Noticed Dowan
  3302 | D:4      | Noticed Duvessa
  3316 | D:4      | Killed Duvessa
  3316 | D:4      | Reached XP level 6. HP: 14/37 MP: 6/6
  3321 | D:4      | Killed from afar by Dowan

Levels and vault maps discovered:
D:1:      ldierk_walled_garden, layout_basic
D:2:      layout_basic, minmay_crystal_room
D:3:      layout_basic, old_standard_altar, kennysheep_doodads, st_stairs_13,
          lemuel_another_geyser
D:4:      minmay_chambers_of_fours, layout_basic,
          grunt_temple_overflow_holy_war, nicolae_ossuary_entry_false_entrances,
          uniq_duvessa

Skill      XL: |  1  2  3  4  5 |
---------------+----------------+-----
Short Blades   | 1 2 3 4 |  4.5
Crossbows      | 5 6 |  6.5
Fighting       | 3 |  3.5
Dodging        | |  2.4
Stealth        | |  1.3

Action                   |  1- 3 |  4- 6 || total
-------------------------+-------+-------++-------
Melee: Short sword       |   126 |   113 ||   239
 Fire: Hand crossbow     |       |    42 ||    42
  Use: Scroll            |     2 |     6 ||     8
       Potion            |       |     2 ||     2
 Stab: Sleeping          |     2 |     2 ||     4
  Eat: Chunk             |    11 |     5 ||    16
Armor: Leather armour    |    28 |    41 ||    69
Dodge: Dodged            |    89 |   172 ||   261

Table legend:
 A = Non-vault XP
 B = Vault XP
 C = Vault XP percentage of total XP
 D = Non-vault monster count
 E = Vault monster count
 F = Vault count percentage of total count
                 A         B        C        D         E       F
            +---------+---------+-------+---------+---------+-------
      Total |     194 |     144 |  42.6 |      66 |       3 |   4.3
            +---------+---------+-------+---------+---------+-------
        D:1 |      53 |       0 |   0.0 |      31 |       0 |   0.0
        D:2 |      17 |       0 |   0.0 |       8 |       0 |   0.0
        D:3 |      79 |      15 |  16.0 |      22 |       2 |   8.3
        D:4 |      45 |     129 |  74.1 |       5 |       1 |  16.7
            +---------+---------+-------+---------+---------+-------
